 Dungeon Crawl Stone Soup version 0.19.0-22-gd96e5fe (webtiles) character file.

236 Monsterracer the Magician (level 5, -5/24 HPs)
             Began as a Spriggan Enchanter on Nov 18, 2016.
             Was a Follower of Dithmenos.
             Shot with an arrow by a centaur (9 damage)
             ... on level 5 of the Dungeon.
             The game lasted 00:12:04 (4141 turns).

Monsterracer the Magician (Spriggan Enchanter)      Turns: 4141, Time: 00:12:05

Health: -5/24      AC:  3    Str:  9    XL:     5   Next: 77%
Magic:  13/13      EV: 19    Int: 17    God:    Dithmenos [*.....]
Gold:   200        SH:  0    Dex: 17    Spells: 3 memorised, 6 levels left

rFire  . . .     SeeInvis +     a - +2 dagger
rCold  . . .     Gourm    .     b - +1 robe
rNeg   . . .     Faith    .     (shield restricted)
rPois  .         Spirit   .     (helmet restricted)
rElec  .         Reflect  .     (no cloak)
rCorr  .         Harm     .     (gloves unavailable)
MR     .....                    (boots unavailable)
Stlth  ++++......               (no amulet)
                                o - ring of flight
                                f - +5 ring of strength

@: wreathed by umbra, very quick
A: unfitting armour, see invisible, herbivore 3, speed 3, slow metabolism 2
a: Renounce Religion, Evoke Flight


You were on level 5 of the Dungeon.
You worshipped Dithmenos.
Dithmenos was aware of your devotion.
You were not hungry.

You visited 1 branch of the dungeon, and saw 5 of its levels.

You collected 200 gold pieces.

Inventory:

Hand Weapons
 a - a +2 dagger (weapon)
Armour
 b - a +1 robe (worn)
Jewellery
 f - a +5 ring of strength (left hand)
 o - a ring of flight (right hand)
Wands
 l - a wand of confusion (17/48)
Scrolls
 c - a scroll of remove curse
 g - a scroll of amnesia
 h - 2 scrolls of identify
 i - 2 scrolls of enchant weapon
Potions
 e - 3 potions of curing
 j - a potion of might
 m - 2 potions of heal wounds
Books
 n - a book of Misfortune

   Spells                             Type                      Level
   a - Confusing Touch                Hexes                        1
   b - Confuse                        Hexes                        3
   c - Gell's Gravitas                Hexes/Translocation          3
   d - Petrify                        Transmutation/Earth          4
   e - Metabolic Englaciation         Hexes/Ice                    5
   f - Yara's Violent Unravelling     Hexes/Transmutation          5
Comestibles
 d - 4 bread rations
 p - 2 fruits


   Skills:
 + Level 2.4 Short Blades
 + Level 3.8 Dodging
 * Level 5.0 Stealth
 * Level 5.4 Spellcasting
 + Level 5.0 Hexes


You had 6 spell levels left.
You knew the following spells:

 Your Spells              Type           Power        Failure   Level  Hunger
b - Ensorcelled Hibernat  Hex/Ice        ##....       10%         2    #......
c - Confuse               Hex            ###.....     8%          3    ##.....
d - Tukima's Dance        Hex            ###.....     8%          3    ##.....


Dungeon Overview and Level Annotations

Branches:
Dungeon (5/15)             Temple (0/1) D:4

Altars:
Dithmenos
Hepliaklqana
Zin

Shops:
D:4 (*%

Annotations:
D:4 Blork the orc


Innate Abilities, Weirdness & Mutations

You are very small and have problems with some larger weapons.
You are too small for most types of armour.
You have supernaturally acute eyesight. (SInv)
You are a herbivore.
You cover ground extremely quickly.
You need consume almost no food.


Message History

Found 25 gold pieces.
Found a stone staircase leading up.
A centaur comes into view.
The crimson imp misses you.
The centaur shouts!
You hit the crimson imp but do no damage.
The centaur wields a shortbow.
The centaur shoots an arrow.
The arrow hits you!
The centaur shoots an arrow.
The arrow hits you.
You barely miss the crimson imp. The crimson imp hits you.
The centaur shoots an arrow.
The arrow barely misses you.
A goblin comes into view. It is wielding a hunting sling.
The goblin shouts!
You hit the crimson imp but do no damage.
The crimson imp misses you.
The centaur shoots an arrow.
The arrow closely misses you.
You barely miss the crimson imp.
The centaur shoots an arrow.
The arrow hits you!
* * * LOW HITPOINT WARNING * * *
The crimson imp completely misses you.
The centaur shoots an arrow.
The arrow hits you!
You die...

≈≈≈≈≈≈≈≈≈≈≈≈≈≈≈
≈≈≈≈≈≈≈≈≈≈≈≈≈≈≈≈
≈≈g≈≈.≈≈≈..≈≈≈..
................
...c.$...........
#...............
##.....5.........
.......(..<......
##......@..$.....
##..$....(..<..#
##...........#
######.###### #.# #.#
##########.#####.
########...........(.....
#.................#####..


You could see a centaur, a crimson imp and a goblin.

Vanquished Creatures
  2 worker ants (D:4)
  A hound skeleton (D:4)
  9 adders
  An adder skeleton (D:4)
  2 worms (D:2)
  7 dart slugs
  4 leopard geckos
  4 bats
  4 giant cockroaches
  8 hobgoblins
  7 jackals (D:4)
  2 quokkas
  A ball python (D:1)
  2 frilled lizards (D:2)
  5 goblins
  10 kobolds
  5 rats
74 creatures vanquished.

Notes
Turn   | Place    | Note
-------+----------+-------------------------------------------
     0 | D:1      | Monsterracer the Spriggan Enchanter began the quest for the Orb.
     0 | D:1      | Reached XP level 1. HP: 9/9 MP: 5/5
   440 | D:1      | Reached XP level 2. HP: 13/13 MP: 7/7
   444 | D:1      | Learned a level 2 spell: Ensorcelled Hibernation
  1037 | D:2      | Found a hazy altar of Hepliaklqana.
  1162 | D:2      | Reached XP level 3. HP: 10/16 MP: 1/9
  1818 | D:2      | Found a glowing silver altar of Zin.
  2189 | D:3      | Reached XP level 4. HP: 21/21 MP: 11/11
  2258 | D:3      | Found a shadowy altar of Dithmenos.
  2263 | D:3      | Became a worshipper of Dithmenos the Shadowed
  2282 | D:3      | Reached skill level 5 in Spellcasting
  2435 | D:3      | Found a faded altar of an unknown god.
  2688 | D:3      | Learned a level 3 spell: Confuse
  2692 | D:3      | Learned a level 3 spell: Tukima's Dance
  3067 | D:4      | Found Jaostie's Food Boutique.
  3106 | D:4      | Found Sefun's General Store.
  3129 | D:4      | Reached XP level 5. HP: 24/24 MP: 2/13
  3152 | D:4      | Reached * piety under Dithmenos
  3396 | D:4      | Noticed Blork the orc
  3571 | D:4      | Found Wughaox's Weapon Boutique.
  3863 | D:4      | Reached skill level 5 in Stealth
  3974 | D:4      | Found a staircase to the Ecumenical Temple.
  4103 | D:5      | Entered Level 5 of the Dungeon
  4126 | D:5      | Reached skill level 5 in Hexes
  4133 | D:5      | Noticed a centaur
  4141 | D:5      | Shot with an arrow by a centaur

Skill      XL: |  1  2  3  4  5 |
---------------+----------------+-----
Spellcasting   | 3 4 5 |  5.4
Hexes          | 4 5 |  5.0
Short Blades   | 2 |  2.4
Stealth        | 5 |  5.0
Dodging        | |  3.8

Action                   |  1- 3 |  4- 6 || total
-------------------------+-------+-------++-------
Melee: Dagger            |   109 |   115 ||   224
 Cast: Corona            |     4 |       ||     4
       Ensorcelled Hiber |    10 |    34 ||    44
  Use: Potion            |     4 |       ||     4
       Scroll            |       |     6 ||     6
 Stab: Sleeping          |    17 |    27 ||    44
  Eat: Pizza             |       |     1 ||     1
Armor: Robe              |    11 |     8 ||    19
Dodge: Dodged            |    76 |    98 ||   174
